 Dungeon Crawl Stone Soup version 0.28-a0-580-ga2639ab843 (webtiles) character file.

Game seed: 14596067762229534817

1872 jasper the Carver (level 8, -2/58 HPs)
             Began as a Demonspawn Cinder Acolyte on Oct 3, 2021.
             Was an Initiate of Ignis.
             Slain by Maggie (11 damage)
             ... on level 6 of the Dungeon.
             The game lasted 00:08:28 (6761 turns).

jasper the Carver (Demonspawn Cinder Acolyte)       Turns: 6761, Time: 00:08:28

Health: -2/58      AC:  8    Str: 16    XL:     8   Next: 91%
Magic:  7/18       EV:  7    Int: 17    God:    Ignis [......]
Gold:   57         SH:  0    Dex:  8    Spells: 7/9 levels left

rFire   + . .      SeeInvis .   a - -1 falchion (flame)
rCold   . . .      Faith    .   (no shield)
rNeg    . . .      Spirit   .   k - +0 chain mail
rPois   .          Reflect  .   (no helmet)
rElec   .          Harm     .   (no cloak)
rCorr   .          Rampage  .   (no gloves)
Will    .....                   (no boots)
Stlth   ..........              (no amulet)
HPRegen 0.19/turn               o - ring of magical power
MPRegen 0.16/turn               (no ring)

@: very slightly contaminated
A: talons 2, icemail 1, sturdy frame 1, condensation shield
a: Renounce Religion


You were on level 6 of the Dungeon.
You worshipped Ignis.
Ignis was noncommittal.
You visited 1 branch of the dungeon, and saw 8 of its levels.

You collected 220 gold pieces.
You spent 163 gold pieces at shops.

Inventory:

Hand Weapons
 a - a -1 falchion of flaming (weapon)
 f - a +0 hunting sling
 l - a +0 long sword
 n - a +0 short sword
Missiles
 c - 60 bolts
 d - 147 stones
 m - 2 throwing nets
Armour
 b - a +0 robe
 g - a +0 leather armour
 i - a +0 ring mail
 k - a +0 chain mail (worn)
 s - a +0 scale mail
Jewellery
 o - a ring of magical power (left hand)
Scrolls
 e - 3 scrolls of fog
 h - 5 scrolls of amnesia
 p - a scroll of torment
 r - a scroll of noise
 t - 2 scrolls of teleportation
Potions
 j - a potion of curing
 q - a potion of might
 u - a potion of flight
 v - a potion of mutation


   Skills:
 - Level 3.0 Fighting
 * Level 11.0 Long Blades
 - Level 1.0 Spellcasting
 - Level 2.6 Fire Magic


You had 7 spell levels left.
You knew the following spells:

 Your Spells              Type           Power      Damage    Failure   Level
a - Scorch                Fire           18%        2d5       71%         2

Your spell library contained the following spells:

 Spells                   Type           Power      Damage    Failure   Level
 Gell's Gravitas          Tloc           0%         N/A       99%         3
 Stone Arrow              Conj/Erth      0%         3d7       99%         3
 Teleport Other           Tloc           0%         N/A       99%         3
 Animate Armour           Summ/Erth      0%         N/A       100%        4
 Cause Fear               Hex            0%         N/A       100%        4
 Dispersal                Tloc           0%         N/A       100%        6
 Dragon Form              Tmut           0%         N/A       100%        7
 Lehudib's Crystal Spear  Conj/Erth      0%         10d2      100%        8
 Dragon's Call            Summ           0%         N/A       100%        9


Dungeon Overview and Level Annotations

Branches:
Dungeon (8/15)             Temple (0/1) D:5
   Lair: D:8-11

Altars:
Ashenzari
Gozag
Uskayaw
The Shining One

Shops:
D:1 !   D:3 ?   D:7 *

Annotations:
D:6 Maggie


Innate Abilities, Weirdness & Mutations

You have razor-sharp toenails.
A meltable icy envelope protects you from harm. (AC +0)
Your movements are slightly less encumbered by armour. (ER -2)
A meltable shield of frost defends you. (SH +0)


Message History

Maggie is heavily wounded.
You slash Maggie! You burn Maggie.
Maggie is heavily wounded.
Maggie gestures at you while chanting. The bolt of fire misses you.
You hit Maggie. You burn Maggie. Your kick misses Maggie.
Maggie is severely wounded.
Maggie hits you with a +3 long sword!
You take 11 damage, and have 27/58 hp.
You hit Maggie but do no damage. You claw Maggie.
Maggie is severely wounded.
Maggie gestures at you while chanting. The bolt of fire misses you.
You slash Maggie! You burn Maggie.
Maggie is severely wounded.
You block Maggie's attack.
You barely miss Maggie.
Maggie is severely wounded.
You break out of your daze.
You barely miss Maggie.
Maggie is severely wounded.
Maggie gestures at you while chanting. The bolt of fire hits you!
Your icy defenses dissipate!
You resist.
You take 10 damage, and have 18/58 hp.
You barely miss Maggie. Your kick misses Maggie.
Maggie is severely wounded.
Maggie barely misses you.
You hit Maggie but do no damage. Your kick misses Maggie.
Maggie is severely wounded.
You closely miss Maggie.
Maggie is severely wounded.
Maggie hits you with a +3 long sword!
* * * LOW HITPOINT WARNING * * *
You take 9 damage, and have 9/58 hp.
You hit Maggie but do no damage. Your kick misses Maggie.
Maggie is severely wounded.
Maggie hits you with a +3 long sword!
You die...

##..........##.
####..##.##.#...@.
#...).# .......
##########....##.. ..@.
##................###.#
#<..........##..####..#
.....####..#....# ##.##
####..##..#.###.###..#
#####....#..#.#.@##.##
##≈≈≈....#.#.⌠.#.@..#
≈≈≈..###....#.#..####
.≈.###......###.##
...............^..
#).....###########
..######
.###################
....[.<....|.......#


You could see Maggie.

Vanquished Creatures
  Prince Ribbit (D:7)
  Sigmund (D:2)
  Edmund (D:5)
  2 water moccasins
  An acid dragon (D:7)
  An orc warrior (D:6)
  A necrophage (D:6)
  2 ogres
  A phantom (D:4)
  A scorpion (D:4)
  A water moccasin skeleton (D:5)
  A wight (D:7)
  A gnoll shaman (D:8)
  2 orc priests
  A hound (D:5)
  A jelly (D:3)
  3 iguanas
  3 orc wizards
  5 adders
  8 gnolls
  A worm (D:3)
  A dart slug (D:1)
  9 orcs
  8 endoplasms
  A giant cockroach (D:3)
  6 goblins
  2 hobgoblins
  4 jackals (D:1)
  9 quokkas
  7 ball pythons
  5 bats
  2 frilled lizards (D:1)
  6 kobolds
  5 rats
104 creatures vanquished.

Vanquished Creatures (others)
  141 foxfires
141 creatures vanquished.

Grand Total: 245 creatures vanquished

Notes
Turn   | Place    | Note
-------+----------+-------------------------------------------
     0 | D:1      | jasper the Demonspawn Cinder Acolyte began the quest for
                  | the Orb.
     0 | D:1      | Reached XP level 1. HP: 18/18 MP: 2/2
   157 | D:2      | Reached skill level 3 in Long Blades
   266 | D:2      | Gained mutation: A meltable shield of frost defends you.
                  | (SH +0) [demonic ancestry]
   266 | D:2      | Reached XP level 2. HP: 23/24 MP: 3/3
   450 | D:2      | Learned a level 2 spell: Scorch
   670 | D:3      | Reached skill level 4 in Long Blades
   670 | D:3      | Gained mutation: You have sharp toenails. [demonic
                  | ancestry]
   670 | D:3      | Reached XP level 3. HP: 13/29 MP: 4/4
  1197 | D:5      | Entered Level 5 of the Dungeon
  1220 | D:5      | Gained mutation: Your movements are slightly less
                  | encumbered by armour. (ER -2) [demonic ancestry]
  1220 | D:5      | Reached XP level 4. HP: 29/35 MP: 2/5
  1326 | D:5      | Noticed Edmund
  1336 | D:5      | Killed Edmund
  1337 | D:5      | Reached skill level 5 in Long Blades
  1337 | D:5      | Reached XP level 5. HP: 29/41 MP: 3/6
  1540 | D:6      | Reached skill level 6 in Long Blades
  1544 | D:6      | Noticed an orc warrior
  1597 | D:5      | Noticed an ogre
  1603 | D:5      | Killed an ogre
  1604 | D:5      | Gained mutation: A meltable icy envelope protects you from
                  | harm. (AC +0) [demonic ancestry]
  1604 | D:5      | Reached XP level 6. HP: 32/47 MP: 4/7
  2004 | D:5      | Found a hide-covered altar of Uskayaw.
  2045 | D:6      | Reached skill level 7 in Long Blades
  2111 | D:6      | Reached XP level 7. HP: 38/52 MP: 8/8
  2192 | D:7      | Found Opaun's Assorted Antiques.
  2200 | D:7      | Bought a fuming silvery potion for 22 gold pieces
  2200 | D:7      | Bought a scroll labelled QAWEHI GAXAKK for 25 gold pieces
  2204 | D:7      | Noticed Prince Ribbit
  2209 | D:7      | Killed Prince Ribbit
  2210 | D:7      | Reached skill level 8 in Long Blades
  2405 | D:8      | Noticed a two-headed ogre
  2525 | D:7      | Reached skill level 9 in Long Blades
  2525 | D:7      | Gained mutation: You have razor-sharp toenails. [demonic
                  | ancestry]
  2525 | D:7      | Reached XP level 8. HP: 39/58 MP: 6/9
  2695 | D:7      | Found an opulent altar of Gozag.
  2952 | D:5      | Noticed a +0 hand axe
  2953 | D:5      | Noticed a +0 hand axe
  3025 | D:1      | Found a faded altar of an unknown god.
  3215 | D:1      | Found Gapalykei's Distillery.
  3218 | D:1      | Bought a potion of curing for 30 gold pieces
  3218 | D:1      | Bought a potion of curing for 30 gold pieces
  3819 | D:2      | Noticed Sigmund
  3850 | D:2      | Killed Sigmund
  4090 | D:3      | Found Hydexutu's Magic Scroll Shop.
  4100 | D:3      | Bought a scroll of fog for 28 gold pieces
  4100 | D:3      | Bought a scroll of fog for 28 gold pieces
  4508 | D:4      | Reached skill level 10 in Long Blades
  4711 | D:4      | Found a broken altar of Ashenzari.
  6025 | D:5      | Found a staircase to the Ecumenical Temple.
  6527 | D:6      | Reached skill level 11 in Long Blades
  6728 | D:6      | Noticed Maggie
  6761 | D:6      | Slain by Maggie

Illustrated notes

Levels and vault maps discovered:
D:1:      matt_arrival_refuge, layout_rooms, serial_shops,
          nicolae_shop_window_shopping, hellmonk_ecumenical_altar_dog_temple
D:2:      layout_rooms, basic_altar, chequers_serial_rivers_micro_e,
          uniq_sigmund
D:3:      layout_basic, serial_shops, shop_scrolls,
          chequers_serial_rivers_small_b, kennysheep_generic_room_6
D:4:      minmay_diamond_boxcup, layout_cave_pools, mainiacjoe_overflow_paths
D:5:      layout_layer_cave, dancing_weapons_uskayaw, temple_hall_moat,
          uniq_edmund
D:6:      layout_rooms, tso_metal_star, serial_rivers,
          chequers_serial_rivers_micro_c, chequers_serial_rivers_small_a,
          chequers_serial_rivers_micro_e, chequers_serial_rivers_large_b,
          grunt_decor_one_mirror, nicolae_benzene_ring, uniq_blork_the_orc,
          uniq_menkaure, uniq_maggie
D:7:      layout_basic, nicolae_gozag_seed_capital, serial_shops,
          nicolae_shop_stone, uniq_prince_ribbit1
D:8:      layout_loops_ring, kennysheep_mini_moat,
          nicolae_dithmenos_the_darkroom, dpeg_lair_monsters

Skill      XL: |  1  2  3  4  5  6  7  8 |
---------------+-------------------------+-----
Long Blades    | 3 4 5 6 7 9 11 | 11.0
Fighting       | |  3.0
Spellcasting   | |  1.0
Fire Magic     | |  2.6

Action                   |  1- 3 |  4- 6 |  7- 9 || total
-------------------------+-------+-------+-------++-------
Melee: Falchion          |    56 |    38 |   206 ||   300
       Kick              |     4 |     5 |    32 ||    41
Throw: Stone             |     5 |       |       ||     5
 Cast: Scorch            |     6 |    10 |    51 ||    67
Invok: Foxfire Swarm     |     1 |     5 |     6 ||    12
  Use: Scroll            |     2 |     2 |     8 ||    12
       Potion            |       |       |     5 ||     5
Armor: Robe              |    18 |       |       ||    18
       Leather armour    |     5 |       |       ||     5
       Ring mail         |       |    22 |    45 ||    67
       Scale mail        |       |       |    32 ||    32
       Chain mail        |       |       |     3 ||     3
Dodge: Dodged            |    36 |    10 |    92 ||   138
Block: Other             |    11 |     4 |    36 ||    51

Table legend: (Time is in decaauts)
 A = Elapsed time spent in this place.
 B = Non-inter-level travel time spent in this place.
 C = Inter-level travel time spent in this place.
 D = Time resting spent in this place.
 E = Time spent auto-exploring this place.
 F = Levels seen in this place.
 G = Mean time per level.
                   A        B        C        D        E       F      G
               +--------+--------+--------+--------+--------+-----+--------+
         Total |   6732 |   6484 |    248 |    940 |   4427 |   8 |  841.5 |
       Dungeon |   6732 |   6484 |    248 |    940 |   4427 |   8 |  841.5 |
               +--------+--------+--------+--------+--------+-----+--------+

Top non-repeatable levels by time:
     D:5: 2118 daAuts
     D:3: 1136 daAuts
     D:4: 802 daAuts
     D:2: 765 daAuts
     D:1: 654 daAuts
     D:7: 552 daAuts
     D:6: 523 daAuts
     D:8: 178 daAuts
